 Dungeon Crawl Stone Soup version 0.19-a0-1341-g3513869 (webtiles) character file.

6773 Gruud the Carver (level 10, -3/111 HPs)
             Began as a Demonspawn Gladiator on Sept 1, 2016.
             Was an Elder of Okawaru.
             Killed by Freeze
             ... invoked by 4thArraOfDagon's ghost
              (20 damage)
             ... on level 11 of the Dungeon.
             The game lasted 00:37:21 (9904 turns).

Gruud the Carver (Demonspawn Gladiator)             Turns: 9904, Time: 00:37:22

Health: -3/111     AC: 21    Str: 24    XL:     10   Next: 76%
Magic:  17/17      EV: 17    Int: 13    God:    Okawaru [****..]
Gold:   415        SH:  0    Dex: 13    Spells: 0 memorised, 9 levels left

rFire  . . .     SeeInvis .     a - +0 great sword (curse)
rCold  . . .     Gourm    .     u - +1 leather armour {rPois}
rNeg   . . .     Faith    .     (shield currently unavailable)
rPois  +         Spirit   .     c - +0 helmet
rElec  +         Dismiss  .     G - +1 cloak of Shielding {rElec MR+ Str+3}
rCorr  +         Reflect  .     n - +1 pair of gloves
MR     +....     Harm     .     w - +1 pair of boots
Stlth  .......... Rnd*Tele +    (no amulet)
                                j - ring of resist corrosion
                                P - ring of teleportation (curse)

@: berserking (expiring), heroism, sanguine armour, drained, very quick
A: hooves 2, rot immunity, sanguine armour 2
a: Heroism, Renounce Religion


You were on level 11 of the Dungeon.
You worshipped Okawaru.
Okawaru was greatly pleased with you.
You were not hungry.

You visited 2 branches of the dungeon, and saw 12 of its levels.

You collected 415 gold pieces.

Inventory:

Hand Weapons
 a - a cursed +0 great sword (weapon)
 b - a +1 falchion of slicing
 y - a +1 long sword
 I - a +2 dagger of venom
Missiles
 d - a throwing net (quivered)
Armour
 c - a +0 helmet (worn)
 g - a +0 plate armour
 k - a +0 shield
 n - a +1 pair of gloves (worn)
 u - a +1 leather armour of poison resistance (worn)
 w - a +1 pair of boots (worn)
 G - the +1 cloak of Shielding (worn) {rElec MR+ Str+3}
   (You found it on level 8 of the Dungeon)

   It affects your strength (+3).
   It insulates you from electricity.
   It affects your resistance to hostile enchantments.
Jewellery
 e - an uncursed ring of ice
 j - a ring of resist corrosion (right hand)
 o - an uncursed ring of protection from cold
 H - an uncursed ring of see invisible
 M - an uncursed ring of stealth {unknown}
 O - an uncursed ring of fire
 P - a cursed ring of teleportation (left hand)
Wands
 t - a wand of confusion (4/48)
 x - a wand of polymorph (13/24)
 L - a wand of polymorph (4/24)
 R - a wand of lightning (0/15)
 S - a wand of enslavement (7/24)
Scrolls
 l - 6 scrolls of immolation
 m - 7 scrolls of identify
 p - 3 scrolls of enchant armour
 q - a scroll of fear
 r - a scroll of silence
 s - 3 scrolls of teleportation
 v - 3 scrolls of enchant weapon
 F - a scroll of fog
Potions
 h - 5 potions of curing
 z - a potion of berserk rage
 A - a potion of brilliance
 C - a potion of lignification
 D - 3 potions of agility
 J - a potion of might
Books
 Q - a book of the Sky

   Spells                             Type                      Level
   a - Summon Lightning Spire         Summoning/Air                4
   b - Airstrike                      Air                          4
   c - Silence                        Hexes/Air                    5
   d - Deflect Missiles               Charms/Air                   6
   e - Conjure Ball Lightning         Conjuration/Air              6
   f - Tornado                        Air                          9
Comestibles
 f - 12 bread rations
 i - 6 beef jerkies
 E - 5 fruits
 N - 6 meat rations


   Skills:
 * Level 5.0(9.4) Fighting
 + Level 12.0(16.3) Long Blades
 - Level 1.7(6.1) Throwing
 * Level 4.8(9.1) Dodging
 + Level 10.1(9.5) Invocations


You had 9 spell levels left.
You didn't know any spells.

Dungeon Overview and Level Annotations

Branches:
Dungeon (11/15)            Temple (1/1) D:4            Lair (0/6) D:9
    Orc: D:9-12

Altars:
Cheibriados
Gozag
Nemelex Xobeh
Okawaru
Qazlal
Ru
Xom
The Shining One

Annotations:
D:6 Prince Ribbit
D:11 4thArraOfDagon's ghost, journeyman TrIE


Innate Abilities, Weirdness & Mutations

You have hoof-like feet.
You are immune to rotting.
When seriously injured, your bleeding wounds create thick armour. (AC +9)


Message History

4thArraOfDagon's ghost is severely damaged. 4thArraOfDagon's ghost hits you!
You barely miss 4thArraOfDagon's ghost. 4thArraOfDagon's ghost is severely damaged.
You closely miss 4thArraOfDagon's ghost. 4thArraOfDagon's ghost is severely damaged. 4thArraOfDagon's ghost hits you!
You closely miss 4thArraOfDagon's ghost. 4thArraOfDagon's ghost is severely damaged.
You miss 4thArraOfDagon's ghost. 4thArraOfDagon's ghost is severely damaged. 4thArraOfDagon's ghost casts a spell at you.
You are frozen.
* * * LOW HITPOINT WARNING * * *
You are too injured to fight recklessly!
You closely miss 4thArraOfDagon's ghost. 4thArraOfDagon's ghost is severely damaged. 4thArraOfDagon's ghost points at you and mumbles some strange words.
You are frozen.
You die...

#.# #.# #. ###+##
######.##### #....#
###..........# #....#
##..>..W......# .#
#....# #l.#....W..!..#
.# +....#
#W##......l...# .#
#....###@##......<.W.#
.#
#....'...##..........#
.
#....######..........#
# ##'### #######.####
### #..# .(# ..#
#####.#### ### ).#
#........### ..#
###..........# ..#
#..........#.#


You could see an iguana and 4thArraOfDagon's ghost.

Vanquished Creatures
  Pikel (D:6)
  2 ugly things
  A manticore (D:11)
  Sigmund (D:4)
  A spriggan (D:10)
  A wraith (D:11)
  A hungry ghost (D:8)
  A hippogriff (D:11)
  Grum (D:7)
  Menkaure (D:6)
  2 hell hounds (D:9)
  A sky beast (D:6)
  A black bear (D:8)
  3 orc warriors
  2 phantoms
  2 ice beasts
  A wasp (D:9)
  3 wolves (D:8)
  4 centaurs
  A gnoll sergeant (D:8)
  2 giant frogs
  A scorpion (D:9)
  A wyvern skeleton (D:10)
  4 killer bees (D:8)
  8 wights
  6 howler monkeys
  A quasit (D:6)
  3 crimson imps
  6 orc priests
  5 hounds
  2 giant frog skeletons (D:10)
  2 centaur skeletons
  A jelly (D:10)
  10 orc wizards
  5 iguanas
  3 worker ants
  A hound zombie (D:5)
  2 hound skeletons
  A howler monkey zombie (D:11)
  4 worker ant zombies
  10 gnolls
  15 adders
  A howler monkey skeleton (D:4)
  An ooze (D:2)
  An adder zombie (D:10)
  5 worms
  2 dart slugs
  4 giant geckos
  60 orcs
  9 bats
  6 giant cockroaches
  4 goblins
  4 hobgoblins
  4 jackals (D:4)
  3 quokkas
  8 giant newts
  5 kobolds
  2 quokka zombies
  6 rats
249 creatures vanquished.

Vanquished Creatures (others)
  An orc warrior (D:10)
  A centaur (D:10)
  An iguana (D:10)
  A worker ant zombie (D:10)
  An orc (D:10)
  A jackal (D:10)
6 creatures vanquished.

Grand Total: 255 creatures vanquished

Notes
Turn   | Place    | Note
-------+----------+-------------------------------------------
     0 | D:1      | Gruud the Demonspawn Gladiator began the quest for the Orb.
     0 | D:1      | Reached XP level 1. HP: 16/16 MP: 1/1
   432 | D:1      | Reached skill level 3 in Long Blades
   432 | D:1      | Gained mutation: You have large cloven feet. [demonic ancestry]
   432 | D:1      | Reached XP level 2. HP: 18/22 MP: 2/2
   834 | D:2      | Reached XP level 3. HP: 8/27 MP: 3/3
  1264 | D:2      | Reached skill level 4 in Long Blades
  1325 | D:2      | Gained mutation: You are immune to rotting. [demonic ancestry]
  1325 | D:2      | Reached XP level 4. HP: 28/33 MP: 4/4
  1822 | D:3      | Reached skill level 5 in Long Blades
  2028 | D:3      | Gained mutation: When seriously injured, your bleeding wounds create armour. (AC +9) [demonic ancestry]
  2028 | D:3      | Reached XP level 5. HP: 33/38 MP: 5/5
  2547 | D:4      | Found a staircase to the Ecumenical Temple.
  2551 | Temple   | Entered the Ecumenical Temple
  2570 | Temple   | Became a worshipper of Warmaster Okawaru
  2637 | D:4      | Found a sacrificial altar of Ru.
  2661 | D:4      | Reached skill level 6 in Long Blades
  3029 | D:3      | Reached XP level 6. HP: 22/44 MP: 6/6
  3430 | D:4      | Noticed Sigmund
  3462 | D:4      | Killed Sigmund
  3462 | D:4      | Reached * piety under Okawaru
  3462 | D:4      | Reached skill level 7 in Long Blades
  3493 | D:5      | Entered Level 5 of the Dungeon
  3512 | D:4      | Gained mutation: You have hoof-like feet. [demonic ancestry]
  3512 | D:4      | Reached XP level 7. HP: 45/50 MP: 7/7
  3537 | D:5      | Reached skill level 1 in Invocations
  4412 | D:5      | Reached skill level 8 in Long Blades
  4793 | D:6      | Reached XP level 8. HP: 37/56 MP: 9/11
  5055 | D:6      | Noticed Prince Ribbit
  5059 | D:6      | Noticed Menkaure
  5142 | D:6      | Reached ** piety under Okawaru
  5255 | D:6      | Reached skill level 9 in Long Blades
  5452 | D:6      | Noticed Pikel
  5454 | D:6      | Killed Menkaure
  5454 | D:6      | Reached skill level 5 in Invocations
  6001 | D:6      | Killed Pikel
  6001 | D:6      | Reached skill level 10 in Long Blades
  6001 | D:6      | Gained mutation: When seriously injured, your bleeding wounds create thick armour. (AC +9) [demonic ancestry]
  6001 | D:6      | Reached XP level 9. HP: 38/61 MP: 12/14
  6164 | D:7      | Reached *** piety under Okawaru
  6334 | D:8      | Got a jewelled cloak
  6341 | D:8      | Identified the +1 cloak of Shielding {rElec MR+ Str+3} (You found it on level 8 of the Dungeon)
  6382 | D:8      | Noticed a cyan ugly thing
  6407 | D:8      | Killed a cyan ugly thing
  6497 | D:8      | Noticed Grum
  6527 | D:7      | Killed Grum
  6527 | D:7      | Reached skill level 11 in Long Blades
  7248 | D:8      | Reached XP level 10. HP: 67/67 MP: 16/16
  7281 | D:8      | Reached **** piety under Okawaru
  7538 | D:10     | Entered Level 10 of the Dungeon
  8069 | D:9      | Found a staircase to the Lair.
  8604 | D:10     | Found a shimmering altar of Xom.
  9243 | D:11     | Noticed 4thArraOfDagon's ghost (journeyman TrIE)
  9647 | D:11     | Noticed a brown ugly thing
  9659 | D:11     | Killed a brown ugly thing
  9659 | D:11     | Reached skill level 12 in Long Blades
  9676 | D:11     | Noticed a manticore
  9686 | D:11     | Killed a manticore
  9686 | D:11     | Reached skill level 10 in Invocations
  9889 | D:11     | Reached skill level 5 in Fighting
  9904 | D:11     | Killed from afar by 4thArraOfDagon's ghost

Vault maps used:
D:1:      dpeg_arrival_lava_altar, serial_park_tiny_1
D:2:      kb_forest_paths
D:3:      first_bread
D:4:      nicolae_ru_great_annihilating_truth, uniq_sigmund
D:6:      kennysheep_generic_room_8, uniq_prince_ribbit1, uniq_pikel,
          uniq_menkaure, uniq_blork_the_orc
D:8:      uniq_grum
D:9:      minmay_lair_entry_lava
D:10:     the_bakery, xom_confusion_cloud
D:11:     uniq_erica
Temple:   regret_index_temple_sigil_plot

Skill      XL: |  1  2  3  4  5  6  7  8  9 10 |
---------------+-------------------------------+-----
Long Blades    | 3 4 5 6 7 8 10 11 12 | 12.0
Invocations    | 4 6 9 10 | 10.1
Dodging        | 4 |  4.8
Fighting       | 5 |  5.0
Throwing       | |  1.7

Action                   |  1- 3 |  4- 6 |  7- 9 | 10-12 || total
-------------------------+-------+-------+-------+-------++-------
Melee: Mace              |    59 |    45 |       |       ||   104
       Kick              |     7 |    14 |       |       ||    21
       Dagger            |       |   296 |     8 |     5 ||   309
       Long sword        |       |     9 |    82 |    14 ||   105
       Falchion          |       |       |   553 |   176 ||   729
       Punch             |       |       |     3 |     1 ||     4
       Great sword       |       |       |       |   169 ||   169
Throw: Throwing net      |     1 |       |     1 |       ||     2
Invok: Heroism           |       |       |    12 |    10 ||    22
Evoke: Wand              |       |     6 |    13 |     2 ||    21
  Use: Potion            |       |     1 |     4 |     1 ||     6
       Scroll            |       |     6 |    16 |     2 ||    24
 Stab: Confused          |       |     4 |     6 |     1 ||    11
       Paralysed         |       |     1 |       |       ||     1
       Held in net/web   |       |       |     2 |       ||     2
       Sleeping          |       |       |       |     1 ||     1
  Eat: Chunk             |     1 |     8 |    13 |     6 ||    28
       Pizza             |       |       |       |     2 ||     2
Armor: Leather armour    |    18 |    46 |    16 |    83 ||   163
       Ring mail         |       |    29 |   203 |       ||   232
Dodge: Dodged            |    39 |   161 |   220 |   147 ||   567
